 Dungeon Crawl Stone Soup version 0.27.1-34-g3ba077fa99 (webtiles) character file.

Game seed: 2379161960571172529

58 cbfl8 the Sneak (level 3, 0/33 HPs)
             Began as a Minotaur Delver on Jan 22, 2022.
             Slain by a wyvern zombie (3 damage)
             ... on level 5 of the Dungeon.
             The game lasted 00:07:20 (2681 turns).

cbfl8 the Sneak (Minotaur Delver)                   Turns: 2681, Time: 00:07:20

Health: 0/33       AC:  7    Str: 17    XL:     3   Next: 76%
Magic:  2/2        EV: 11    Int:  7    God:
Gold:   92         SH:  0    Dex: 11    Spells: 2/2 levels left

rFire    . . .     SeeInvis .   a - +0 hand axe
rCold    . . .     Faith    .   (no shield)
rNeg     . . .     Spirit   .   i - +0 ring mail
rPois    .         Reflect  .   (helmet restricted)
rElec    .         Harm     .   (no cloak)
rCorr    .         Rampage  .   h - +1 pair of gloves
Will     .....                  (no boots)
Stlth    ++........             (no amulet)
HPRegen  0.11/turn              (no ring)
MPRegen  0.08/turn              (no ring)

@: no status effects
A: horns 2, retaliatory headbutt
a: no special abilities


You were on level 5 of the Dungeon.
You visited 1 branch of the dungeon, and saw 5 of its levels.

You collected 92 gold pieces.

Inventory:

Hand Weapons
 a - a +0 hand axe (weapon)
 l - a +0 hunting sling
Armour
 b - a +0 leather armour
 h - a +1 pair of gloves (worn)
 i - a +0 ring mail (worn)
Wands
 g - a wand of digging (3)
Scrolls
 c - a scroll of fog
 d - 2 scrolls of magic mapping
 e - a scroll of fear
 j - 3 scrolls of teleportation {unknown}
 k - a scroll of identify {unknown}
 m - a scroll of amnesia {unknown}
 n - a scroll of blinking {unknown}
Potions
 f - a potion of haste


   Skills:
 + Level 4.1 Fighting
 + Level 3.3 Axes
 + Level 0.9 Armour
 + Level 2.3 Dodging
 + Level 4.6 Stealth


You had 2 spell levels left.
You didn't know any spells.
Your spell library contained the following spells:

 Spells                   Type           Power      Damage    Failure   Level
 Freeze                   Ice            0%         1d3       65%         1
 Frozen Ramparts          Ice            0%         1d2       95%         3
 Hailstorm                Conj/Ice       0%         3d3       100%        4
 Ice Form                 Ice/Tmut       0%         N/A       100%        4
 Summon Ice Beast         Ice/Summ       0%         N/A       100%        4


Dungeon Overview and Level Annotations

Branches:
Dungeon (5/15)
 Temple: D:4-7

Altars:
Okawaru
Trog


Innate Abilities, Weirdness & Mutations

You have a pair of horns on your head.
You reflexively headbutt those who attack you in melee.


Message History

You hit the scorpion.
The scorpion is lightly wounded.
The scorpion stings you.
You hit the scorpion but do no damage.
The scorpion is lightly wounded.
The scorpion stings you but does no damage.
You closely miss the scorpion.
The scorpion is lightly wounded.
The scorpion barely misses you. You furiously retaliate!
You headbutt the scorpion. The wyvern zombie bites you.
You barely miss the scorpion.
The scorpion is moderately wounded.
You hit the wyvern zombie. The scorpion stings you.
The wyvern zombie barely misses you. You furiously retaliate!
You headbutt the wyvern zombie. The scorpion barely misses you.
You hit the scorpion.
The scorpion is heavily wounded.
You hit the wyvern zombie. The wyvern zombie bites you.
The scorpion stings you.
You barely miss the scorpion. You headbutt the scorpion.
The scorpion is severely wounded.
You hit the wyvern zombie. The wyvern zombie bites you.
* * * LOW HITPOINT WARNING * * *
The scorpion barely misses you. You furiously retaliate!
You headbutt the scorpion.
The wyvern zombie bites you but does no damage.
The wyvern zombie bites you.
* * * LOW HITPOINT WARNING * * *
The scorpion closely misses you. You furiously retaliate!
You headbutt the scorpion, but do no damage.
There is an open door here.
You closely miss the scorpion. You headbutt the scorpion.
The scorpion is almost dead.
You hit the wyvern zombie but do no damage.
The wyvern zombie closely misses you. The wyvern zombie barely misses you.
The scorpion barely misses you.
You hit the scorpion.
You kill the scorpion!
You hit the wyvern zombie. The wyvern zombie bites you.
You die...

#....#########
#....#...>...#
###....#.⌠...⌠.#
#......#.......#
#.###.##.⌠...⌠.#
#. #.##.......#
# #.##.⌠...⌠.#
#.##....Z..#
#.###.#####@####
#...........#
#####.#######
.... #####. ..
##


You could see a wyvern zombie.

Vanquished Creatures
  A scorpion (D:5)
  A worm (D:3)
  4 dart slugs (D:1)
  An orc (D:4)
  A ball python (D:1)
  3 bats
  5 endoplasms
  3 giant cockroaches (D:2)
  8 goblins
  3 hobgoblins (D:1)
  4 kobolds
  A quokka (D:3)
  5 frilled lizards
  2 rats (D:2)
42 creatures vanquished.

Vanquished Creatures (others)
  A wizard (D:3)
  4 plants (D:1)
  10 withered plants (D:1)
15 creatures vanquished.

Grand Total: 57 creatures vanquished

Notes
Turn   | Place    | Note
-------+----------+-------------------------------------------
     0 | D:5      | cbfl8 the Minotaur Delver began the quest for the Orb.
     0 | D:5      | Reached XP level 1. HP: 19/19 MP: 0/0
   185 | D:4      | Noticed an orc priest
   306 | D:1      | Reached XP level 2. HP: 23/27 MP: 1/1
   604 | D:1      | Found a faded altar of an unknown god.
   695 | D:1      | Reached XP level 3. HP: 33/33 MP: 2/2
  1021 | D:2      | Found an iron altar of Okawaru.
  2558 | D:3      | Found a bloodstained altar of Trog.
  2560 | D:3      | Noticed a wizard
  2565 | D:3      | Killed a wizard
  2620 | D:3      | You fall into a shaft and drop 2 floors!
  2670 | D:5      | Noticed a scorpion
  2681 | D:5      | Killed a scorpion
  2681 | D:5      | Slain by a wyvern zombie

Illustrated notes

Levels and vault maps discovered:
D:1:      lightli_arrival_noodles, layout_basic,
          shapermc_ecumenical_altar_flowoftime, minmay_strange_pillars
D:2:      cheibrodos_helix_gallery, layout_loops_corners, serial_glass,
          glass_columns_c, glass_columns_a, glass_columns_c, glass_columns_b,
          glass_columns_c, glass_columns_b, glass_columns_b, glass_columns_a,
          glass_columns_b, glass_columns_a, basic_altar
D:3:      layout_rooms, trog_wizard, uniq_grinder, uniq_sigmund
D:4:      layout_basic, mainiacjoe_overflow_boulevard, minmay_shop_grid_forest
D:5:      layout_basic, minmay_temple_entry_overgrown, grunt_ministairs_3

Skill      XL: |  1  2  3 |
---------------+----------+-----
Axes           | 3 |  3.3
Fighting       | 4 |  4.1
Armour         | |  0.9
Dodging        | |  2.3
Stealth        | |  4.6

Action                   || total
-------------------------++-------
Melee: Hand axe          ||   134
       Headbutt          ||    24
 Stab: Sleeping          ||     4
       Distracted        ||     1
Armor: Leather armour    ||    23
       Ring mail         ||    24
Dodge: Dodged            ||    73
